 Dungeon Crawl Stone Soup version 0.17-a0-1637-g5d65775 (console) character file.

27 Monkaria the Conjurer (level 2, -4/15 HPs)
             Began as a Deep Elf Conjurer on Aug 7, 2015.
             Killed from afar by Sigmund (6 damage)
             ... with a magic dart
             ... on level 2 of the Dungeon.
             The game lasted 00:01:32 (1252 turns).

Monkaria the Conjurer (Deep Elf Conjurer)           Turns: 1252, Time: 00:01:32

Health: -4/15      AC:  3    Str: 10    XL:     2   Next: 93%
Magic:  8/8        EV: 13    Int: 19    God:
Gold:   80         SH:  0    Dex: 15    Spells: 2 memorised, 4 levels left

rFire  . . .     SeeInvis .     (no weapon)
rCold  . . .     Clarity  .     a - +0 robe
rNeg   . . .     SustAt   .     (no shield)
rPois  .         Gourm    .     (no helmet)
rElec  .         Spirit   .     (no cloak)
rCorr  .         Warding  .     e - +0 pair of gloves
rMut   .         Stasis   .     (no boots)
MR     .....                    (no amulet)
Stlth  ++........               (no ring)
                                (no ring)

@: mighty, lethally poisoned (-4 -> -13), very slightly contaminated, invisible,
not resistant to hostile enchantments, unstealthy
A: no striking features
a: no special abilities


You were on level 2 of the Dungeon.
You were not hungry.

You visited 1 branch of the dungeon, and saw 2 of its levels.

You collected 80 gold pieces.

Inventory:

Armour
 a - a +0 robe (worn)
 e - a +0 pair of gloves (worn)
Jewellery
 g - an uncursed ring of flight {unknown}
 p - an uncursed amulet of clarity {unknown}
Scrolls
 d - a scroll of recharging {unknown}
 i - 3 scrolls of enchant weapon {unknown}
 j - a scroll of fear {unknown}
 l - a scroll of noise {unknown}
 n - a scroll of blinking {unknown}
 q - a scroll of teleportation {unknown}
Books
 b - a book of Conjurations

   Spells                             Type                      Level
   a - Magic Dart                     Conjuration                  1
   b - Searing Ray                    Conjuration                  2
   c - Dazzling Spray                 Conjuration/Hexes            3
   d - Fulminant Prism                Conjuration/Hexes            4
   e - Iskenderun's Mystic Blast      Conjuration                  4
   f - Iskenderun's Battlesphere      Conjuration/Charms           5
Comestibles
 c - 2 bread rations
 f - a slice of pizza
 m - 7 fruits
 o - a chunk of flesh


   Skills:
 - Level 2.4 Dodging
 - Level 2.4 Stealth
 - Level 3.0 Spellcasting
 + Level 5.4 Conjurations


You had 4 spell levels left.
You knew the following spells:

 Your Spells              Type           Power        Failure   Level  Hunger
a - Magic Dart            Conj           ###.         1%          1    None
b - Searing Ray           Conj           ###...       2%          2    ##.....


Dungeon Overview and Level Annotations

Branches:
Dungeon (2/15)

Altars:
Qazlal

Annotations:
D:2 Sigmund


Message History

You feel very mighty all of a sudden.
Drink which item? (? for menu, Esc to quit)
It was a potion of invisibility.
You fade into invisibility!
You feel less confused.
You are very lightly contaminated with residual magic.
Drink which item? (? for menu, Esc to quit)
It was a potion of poison.
That liquid tasted very nasty...
You are lethally poisoned!
You feel sick.
* * * LOW HITPOINT WARNING * * *
You feel sick.
A puff of flame appears from out of thin air!
* * * LOW HITPOINT WARNING * * *
You feel sick.
* * * LOW HITPOINT WARNING * * *
You feel sick.
A magic dart appears from out of thin air!
The magic dart hits you!
You die...

#.#
#............#####.#####
#.#
#.###...#.##.#..........
#.# #.#
##.##....#.###.#####
#.####.# #.##..###.# #.#
#......# #.##..# #.# #.#
###########.##..###.#
#.# #...........###.#
#...............#
#...@...#########
#..............
#.......#######
##.......# #........#
#............#
#.#^^..^^≈#^###
##^≈.≈##..# ≈^^.(§ #^#


There were no monsters in sight!

Vanquished Creatures
  A worm (D:2)
  2 giant geckos (D:1)
  A ball python (D:1)
  2 hobgoblins (D:1)
  2 jackals (D:2)
  5 kobolds
  A bat (D:1)
  4 goblins (D:1)
  3 rats (D:1)
21 creatures vanquished.

Notes
Turn   | Place    | Note
--------------------------------------------------------------
     0 | D:1      | Monkaria the Deep Elf Conjurer began the quest for the Orb.
     0 | D:1      | Reached XP level 1. HP: 10/10 MP: 6/6
   227 | D:1      | Reached XP level 2. HP: 15/15 MP: 6/8
   274 | D:1      | Reached skill level 5 in Conjurations
   299 | D:1      | You fall through a shaft!
   367 | D:1      | Learned a level 2 spell: Searing Ray
  1241 | D:2      | Found a stormy altar of Qazlal.
  1242 | D:2      | Noticed Sigmund
  1252 | D:2      | Killed from afar by Sigmund

Vault maps used:
D:1:      nicolae_arrival_washed_ashore
D:2:      grunt_qazlal_sundering, uniq_sigmund

Action                   || total
-------------------------++-------
 Cast: Magic Dart        ||    41
       Searing Ray       ||     1
  Use: Potion            ||     3
  Eat: Chunk             ||     1
